 Dungeon Crawl Stone Soup version 0.17-a0-1479-g4041c36 (webtiles) character file.

278 Rainor the Cutter (level 6, -2/41 HPs)
             Began as a Vampire Enchanter on July 3, 2015.
             Slain by an orc
             ... wielding a +0 mace
              (7 damage)
             ... on level 3 of the Dungeon.
             The game lasted 00:10:02 (2162 turns).

Rainor the Cutter (Vampire Enchanter)               Turns: 2162, Time: 00:10:02

Health: -2/41      AC:  6    Str:  7    XL:     6   Next: 5%
Magic:  3/9        EV: 13    Int: 18    God:
Gold:   70         SH:  0    Dex: 16    Spells: 3 memorised, 3 levels left

rFire  . . .     SeeInvis +     a - +1 dagger
rCold  . . .     Clarity  .     b - +2 robe
rNeg   . . .     SustAt   .     (no shield)
rPois  .         Gourm    .     (no helmet)
rElec  .         Spirit   .     (no cloak)
rCorr  .         Warding  .     h - +1 pair of gloves
rMut   .         Stasis   .     (no boots)
MR     .....                    (no amulet)
Stlth  ++++......               (no ring)
                                (no ring)

@: regenerating quickly, slowed, very slow, not resistant to hostile
enchantments, stealthy
A: fangs 3, see invisible, unbreathing
a: no special abilities


You were on level 3 of the Dungeon.
You were very full.

You visited 1 branch of the dungeon, and saw 3 of its levels.

You collected 70 gold pieces.

Inventory:

Hand weapons
 a - a +1 dagger (weapon)
 e - a +0 short sword
Armour
 b - a +2 robe (worn)
 h - a +1 pair of gloves (worn)
Potions
 d - a potion of blood
 f - a potion of brilliance {unknown}
 g - 2 potions of flight
Books
 c - a book of Maledictions

   Spells                             Type                      Level
   a - Corona                         Hexes                        1
   b - Ensorcelled Hibernation        Hexes/Ice                    2
   c - Confuse                        Hexes                        3
   d - Tukima's Dance                 Hexes                        3
   e - Dazzling Spray                 Conjuration/Hexes            3


   Skills:
 - Level 6.2 Short Blades
 - Level 2.1 Dodging
 + Level 5.7 Stealth
 - Level 2.0 Spellcasting
 - Level 4.4 Hexes


You had 3 spell levels left.
You knew the following spells:

 Your Spells              Type           Power        Failure   Level  Hunger
a - Corona                Hex            ###....      3%          1    #......
b - Tukima's Dance        Hex            ###.....     12%         3    ###....
c - Ensorcelled Hibernat  Hex/Ice        #.....       12%         2    ###....


Dungeon Overview and Level Annotations

Branches:
Dungeon (3/15)

Altars:
Okawaru
Qazlal

Annotations:
D:3 ninjanymous's ghost, average DsGl


Innate Abilities, Weirdness & Mutations

Your natural rate of healing is unusually fast.
You have razor-sharp teeth.
You have supernaturally acute eyesight.
You can survive without breathing.


Message History

You kill the jackal!
Casting: Ensorcelled Hibernation
Confirm with . or Enter, or press ? or * to list all spells.
Aiming: Ensorcelled Hibernation
Press: ? - help, Shift-Dir - straight line, f/p - orc
Aim: an orc, wielding a mace and wearing a chain mail (chance to defeat MR: 58%)
The orc resists with significant effort.
The orc hits you with a mace.
* * * LOW HITPOINT WARNING * * *
You hit the orc.
The orc is heavily wounded.
The orc closely misses you.
You barely miss the orc.
The orc is heavily wounded.
The orc hits you with a mace.
* * * LOW HITPOINT WARNING * * *
You hit the orc but do no damage.
The orc is heavily wounded.
The orc hits you with a mace!
You die...

######### #.......# #####
#.#####.# h..)# ###+### #.#
....# ...##.....# #.# ....#
#..##.....###.#########....###
#..#..........oWh.....h..o....
#..#......###@#########...o###
#..#......###'## .# ....#
#..#...........#...# o...#
#..#...........#...# ....#
#...)..........#...# ...o#
#.##...........#...# ##+##
#.##.#####.....#...#
#.##>..............#
#....########......#####


You could see ninjanymous's ghost, an orc and a jackal.

Vanquished Creatures
  Sigmund (D:2)
  An orc wizard (D:3)
  Terence (D:1)
  2 adders (D:2)
  An ooze (D:2)
  3 orcs (D:3)
  A bat (D:2)
  2 hobgoblins
  A jackal (D:3)
  4 kobolds
  A quokka (D:2)
  3 giant newts (D:2)
  5 goblins
  6 rats
32 creatures vanquished.

Vanquished Creatures (collateral kills)
  An orc priest (D:3)
1 creature vanquished.

Grand Total: 33 creatures vanquished

Notes
Turn   | Place    | Note
--------------------------------------------------------------
     0 | D:1      | Rainor the Vampire Enchanter began the quest for the Orb.
     0 | D:1      | Reached XP level 1. HP: 13/13 MP: 3/3
   677 | D:2      | Found an iron altar of Okawaru.
   679 | D:2      | Noticed Terence
   893 | D:1      | Reached XP level 2. HP: 13/19 MP: 5/5
  1094 | D:1      | Killed Terence
  1094 | D:1      | Reached XP level 3. HP: 6/24 MP: 6/6
  1611 | D:2      | Noticed Sigmund
  1623 | D:2      | Learned a level 3 spell: Tukima's Dance
  1626 | D:2      | Learned a level 2 spell: Ensorcelled Hibernation
  1636 | D:2      | Killed Sigmund
  1636 | D:2      | Reached skill level 6 in Short Blades
  1636 | D:2      | Reached XP level 4. HP: 30/30 MP: 7/7
  1636 | D:2      | Reached XP level 5. HP: 35/35 MP: 8/8
  1788 | D:2      | Found a faded altar to an unknown god.
  1794 | D:2      | Became a worshipper of Qazlal Stormbringer
  1794 | D:2      | Acquired Qazlal's first power
  1826 | D:2      | Fell from the grace of Qazlal
  2122 | D:3      | Reached skill level 5 in Stealth
  2126 | D:3      | Noticed ninjanymous's ghost (average DsGl)
  2147 | D:3      | Reached XP level 6. HP: 17/41 MP: 3/9
  2162 | D:3      | Slain by an orc

Vault maps used:
D:1:      dpeg_arrival_tiny_j, serial_bayou_pond_e
D:2:      okawaru_ov_weapons_minmay, ecumenical_altar_1, uniq_sigmund,
          uniq_terence
D:3:      overflow_temple_1_default, uniq_natasha

Action                   |  1- 3 |  4- 6 || total
-------------------------+-------+-------++-------
Melee: Dagger            |   110 |    64 ||   174
 Cast: Corona            |     2 |       ||     2
       Tukima's Dance    |       |     2 ||     2
       Ensorcelled Hiber |       |     2 ||     2
Invok: Renounce Religion |       |     1 ||     1
  Use: Potion            |     1 |       ||     1
       Scroll            |     1 |     1 ||     2
 Stab: Sleeping          |     6 |     1 ||     7
  Eat: Corpse            |     8 |     5 ||    13
